[Event "Team 45 45 League T83"]
[Site "Internet Chess Club"]
[Date "2020.01.04"]
[Round "1"]
[White "julesraider"]
[Black "Electryon"]
[Result "1-0"]
[WhiteElo "1672"]
[BlackElo "1477"]
[Opening "Queen's pawn, Mason variation"]
[ECO "D00"]
[Time "13:01:52"]
[TimeControl "2700+45"]

1. d4 d5 2. Bf4 Nf6 3. e3 Bf5 4. Bd3 e6 5. Nf3 Bd6 6. Bg3 Nbd7 7. Nbd2 Ne4 8.
Qe2 Qe7 9. c4 Nxg3 10. hxg3 Bxd3 11. Qxd3 dxc4 12. Nxc4 Bb4+ 13. Ncd2 h6 14. O-O
O-O 15. Qb5 Nb6 16. a3 c6 17. Qxb4 Qd7 18. Ne5 Qc7 19. Rac1 Nd5 20. Qc5 Qd8 21.
b4 Qg5 22. Ne4 Qh5 23. Nd6 f6 24. g4 Qh4 25. Ng6 {Black resigns} 1-0

[Event "Team 45 45 League T83"]
[Site "Internet Chess Club"]
[Date "2020.01.03"]
[Round "1"]
[White "tryanything"]
[Black "Andressa"]
[Result "1/2-1/2"]
[WhiteElo "1483"]
[BlackElo "1337"]
[Opening "Giuoco Piano"]
[ECO "C50"]
[Time "18:05:24"]
[TimeControl "2700+45"]

1. e4 e5 2. Nf3 Nc6 3. Bc4 Bc5 4. O-O Nf6 5. d4 Bxd4 6. Nxd4 Nxd4 7. Bg5 h6 8.
Bh4 O-O 9. f4 d6 10. c3 Nc6 11. fxe5 Nxe5 12. Bb3 Be6 13. Nd2 Qe7 14. Bxf6 gxf6
15. Qh5 Kh7 16. Nf3 Nxf3+ 17. Rxf3 Rg8 18. Bxe6 fxe6 19. Raf1 Qg7 20. g3 Raf8
21. Qh3 e5 22. Qe6 Qg5 23. Rxf6 Qe3+ 24. Kg2 Qe2+ 25. R1f2 Rxf6 26. Qxf6 Qxe4+
27. Kh3 Qg4+ 28. Kg2 Qe4+ 29. Kh3 Qg4+ 30. Kg2 Qe4+ 31. Kh3 Qg4+ {Game drawn by
repetition} 1/2-1/2

[Event "Team 45 45 League T83"]
[Site "Internet Chess Club"]
[Date "2019.12.28"]
[Round "1"]
[White "Toalla"]
[Black "sdcohle"]
[Result "0-1"]
[WhiteElo "1262"]
[BlackElo "1370"]
[Opening "Queen's pawn game"]
[ECO "A45"]
[Time "14:26:42"]
[TimeControl "2700+45"]

1. d4 Nf6 2. g3 d6 3. Bg2 g6 4. Nf3 Bg7 5. c4 O-O 6. O-O Re8 7. Re1 e5 8. e4
Nbd7 9. dxe5 dxe5 10. b3 Nc5 11. Qxd8 Rxd8 12. Nxe5 Re8 13. Bb2 Nfd7 14. f4 Nxe5
15. fxe5 Nd3 16. Re2 Nxb2 17. Rxb2 Bxe5 {White resigns} 0-1

[Event "Team 45 45 League T83"]
[Site "Internet Chess Club"]
[Date "2020.01.03"]
[Round "1"]
[White "DaveTheRook"]
[Black "cayo89"]
[Result "1/2-1/2"]
[WhiteElo "1598"]
[BlackElo "1655"]
[Opening "English opening"]
[ECO "A10"]
[Time "17:34:56"]
[TimeControl "2700+45"]

1. c4 d6 2. Nc3 e5 3. d3 Nf6 4. g3 Be7 5. Bg2 Nbd7 6. Nf3 c6 7. e4 Qc7 8. O-O
O-O 9. h3 a5 10. Be3 Nc5 11. a3 Be6 12. b4 axb4 13. axb4 Rxa1 14. Qxa1 Nxd3 15.
Rd1 Nxb4 16. Qa4 c5 17. Nb5 Qc6 18. Nd2 Qa6 19. Qb3 Qxb5 20. cxb5 Bxb3 21. Nxb3
Ra8 22. Nd2 Nc2 23. Nc4 Nd4 24. b6 h6 25. Kf1 Ra2 26. g4 Nd7 27. Bd2 Ra4 28. Na5
Nxb6 29. Nxb7 Nc4 30. Bc3 Ra3 31. Be1 Rb3 32. Na5 Nxa5 33. Bxa5 Nb5 34. Ke1 g5
35. Ra1 Ra3 36. Rxa3 Nxa3 37. Bf1 Nc2+ 38. Kd1 Nd4 39. Bc4 Kf8 40. Bc3 Ne6 41.
Kc1 Bd8 42. Kb2 Ke7 43. Kc1 Kf6 44. f3 Kg6 45. Kb2 h5 46. Kc1 Nf4 47. Bf1 hxg4
48. hxg4 Ne6 49. Be2 Kf6 50. Bd1 Ke7 51. Bd2 Bb6 52. Bb3 f6 53. Ba4 Kd8 54. Bb3
Nc7 55. Ba4 Kc8 56. Kb2 Kb7 57. Bd1 Kc6 58. Ba4+ Kb7 59. Bd1 d5 60. exd5 Nxd5
61. Kb3 Kc6 62. Kc4 Kd6 63. Kb5 Bd8 64. Kc4 Nc7 65. Be3 Ne6 66. Bd2 Nd4 67. Be1
f5 68. gxf5 Nxf5 69. Bd2 Be7 70. Bc2 Nd4 71. Bd1 Ke6 72. Be3 Nf5 73. Bxc5 Bxc5
74. Kxc5 Ne3 75. Ba4 Kf5 76. Bc6 Kf4 77. Be4 Nf5 78. Bb7 Nh4 79. Kc4 Nxf3 80.
Kd3 g4 81. Ke2 g3 82. Bxf3 e4 83. Bg2 e3 84. Bc6 g2 85. Bxg2 Kg3 86. Kxe3 {Game
drawn because neither player has mating material} 1/2-1/2

[Event "Team 45 45 League T83"]
[Site "Internet Chess Club"]
[Date "2019.12.29"]
[Round "1"]
[White "Portola"]
[Black "dalmata"]
[Result "1/2-1/2"]
[WhiteElo "1720"]
[BlackElo "1562"]
[Opening "Colle system"]
[ECO "A40"]
[Time "14:00:34"]
[TimeControl "2700+45"]

1. d4 e6 2. Nf3 d5 3. c3 c5 4. e3 Nf6 5. Bd3 Nc6 6. Nbd2 b6 7. Qe2 c4 8. Bc2 Bd6
9. e4 e5 10. exd5 Nxd5 11. Qxc4 Nde7 12. dxe5 Bxe5 13. O-O O-O 14. Nxe5 Nxe5 15.
Qe4 Bf5 16. Qxe5 Bxc2 17. Nf3 Ng6 18. Qg3 Re8 19. Be3 Rc8 20. Rac1 Be4 21. Rfd1
Qe7 22. Ng5 Bf5 23. Rd5 Be6 24. Nxe6 Qxe6 25. Rcd1 Rc4 26. Rd8 Rc8 27. Rxc8 Qxc8
28. Qd6 Nh4 29. Qd7 Qa8 30. Qg4 Rd8 31. Bd4 Ng6 32. f3 Re8 33. Kf2 Qb7 34. Rd2
Qe7 35. Qe4 Qxe4 36. fxe4 Rxe4 37. g3 h6 38. b3 f5 39. a4 Ne5 40. a5 bxa5 41.
Bxa7 a4 42. bxa4 Rxa4 43. Bd4 Nc4 44. Re2 Nd6 45. h4 Ne4+ 46. Kf3 h5 47. Kf4 g6
48. Rb2 Nxc3 49. Rb8+ Kf7 50. Rb7+ Kg8 51. Ke5 Ne2 52. Bc5 Ra5 53. Kd6 Nxg3 54.
Bd4 Ne4+ 55. Ke7 Ra8 56. Rb6 f4 57. Rxg6+ Kh7 58. Re6 Ng3 59. Kf6 Rf8+ 60. Ke7
Rg8 61. Kd7 Nf5 62. Bf2 Rg7+ 63. Kc8 Re7 64. Rb6 f3 65. Rf6 Re5 66. Ra6 Re2 67.
Ra7+ Re7 68. Rxe7+ Nxe7+ 69. Kd7 Ng6 70. Ke6 Nf4+ 71. Kf5 Ng2 72. Ke4 Kg6 73.
Kxf3 Nxh4+ 74. Bxh4 Kf5 75. Bd8 Kg6 76. Kg3 Kf5 77. Kh4 Kg6 78. Bg5 Kf5 79. Kxh5
{Game drawn because neither player has mating material} 1/2-1/2

[Event "Team 45 45 League T83"]
[Site "Internet Chess Club"]
[Date "2019.12.27"]
[Round "1"]
[White "pokerram"]
[Black "nosir"]
[Result "1-0"]
[WhiteElo "1539"]
[BlackElo "1346"]
[Opening "Pirc: Austrian attack, 6.Bd3"]
[ECO "B06"]
[Time "17:00:56"]
[TimeControl "2700+45"]

1. e4 g6 2. d4 Bg7 3. Nc3 d6 4. f4 Nf6 5. Nf3 O-O 6. Bd3 Nc6 7. e5 dxe5 8. dxe5
Nd5 9. Nxd5 Qxd5 10. Qe2 Bg4 11. Be4 Qe6 12. Be3 Rfd8 13. c3 f6 14. Bc2 Bxf3 15.
Qxf3 Kh8 16. exf6 exf6 17. O-O f5 18. Rfe1 Qc8 19. Rad1 Rxd1 20. Qxd1 a6 21. Bf2
Bf6 22. Bb3 Ne7 23. Bd4 Qf8 24. Re6 Ng8 25. Bxf6+ Nxf6 26. Qd4 Kg7 27. Qe5 Re8
28. Qxc7+ Kh6 29. Qe5 Rxe6 30. Bxe6 Ng4 31. Qd5 Qf6 32. h3 Ne3 33. Qe5 Qxe5 34.
fxe5 b6 35. b3 Kg7 36. Kf2 f4 37. c4 Nf5 38. Bd5 a5 39. Kf3 g5 40. Ke4 Kg6 41.
Bf7+ Kxf7 42. Kxf5 h6 43. a3 Ke7 44. b4 a4 45. c5 b5 46. c6 Kd8 47. Kg6 Kc7 48.
Kxh6 Kxc6 49. Kxg5 {Black resigns} 1-0

[Event "Team 45 45 League T83"]
[Site "Internet Chess Club"]
[Date "2019.12.28"]
[Round "1"]
[White "g8wrb"]
[Black "mongmong"]
[Result "0-1"]
[WhiteElo "1249"]
[BlackElo "1470"]
[Opening "Nimzovich-Larsen attack"]
[ECO "A01"]
[Time "15:03:19"]
[TimeControl "2700+45"]

1. b3 e6 2. Bb2 Nf6 3. e3 d5 4. Nf3 Be7 5. c4 O-O 6. Qc2 c5 7. Bd3 h6 8. O-O b6
9. cxd5 Nxd5 10. a3 Bb7 11. Nc3 Nc6 12. Rac1 Rc8 13. Rfe1 Qd7 14. Bb5 a6 15.
Nxd5 exd5 16. Bxc6 Qxc6 17. Qf5 Qe6 18. Qe5 Bf6 19. Qxe6 fxe6 20. Be5 Be7 21.
Bb2 Rc6 22. Ne5 Rfc8 23. Nxc6 Rxc6 24. d3 Bd6 25. f4 a5 26. Be5 Be7 27. Rf1 Ba6
28. Rcd1 b5 29. Rf3 c4 30. dxc4 bxc4 31. bxc4 Bxc4 32. Bb2 Rb6 33. Rf2 Rb3 34.
Bd4 Rxa3 35. h3 a4 36. Ra1 Rxa1+ 37. Bxa1 Bb3 38. g4 g6 39. Re2 Kf7 40. Kf2 Bc5
41. Kg2 Bb4 42. Kf3 Bc4 43. Rh2 Bb3 44. e4 dxe4+ 45. Kxe4 Bd5+ 46. Ke5 Be7 47.
g5 hxg5 48. fxg5 Bxg5 49. Kd6 Bf4+ 50. Be5 Bxh2 51. Bxh2 Kf6 52. Be5+ Kf5 53.
Bb2 Bg2 54. h4 Bd5 55. Kc5 Kg4 56. Kb4 Bb3 57. Bf6 Kf5 58. Bg7 e5 59. Kc5 Kf4
60. Kd6 e4 61. Bh6+ Kf3 62. Ke5 e3 63. Kf6 Bc2 64. Bg7 e2 {White resigns} 0-1

[Event "Team 45 45 League T83"]
[Site "Internet Chess Club"]
[Date "2019.12.30"]
[Round "1"]
[White "Kingofknights"]
[Black "Rybo88"]
[Result "1/2-1/2"]
[WhiteElo "1579"]
[BlackElo "1509"]
[Opening "Grünfeld defense"]
[ECO "D80"]
[Time "19:00:57"]
[TimeControl "2700+45"]

1. d4 Nf6 2. c4 g6 3. Nc3 d5 4. e3 Bg7 5. Be2 O-O 6. Nf3 c5 7. O-O Nc6 8. dxc5
dxc4 9. Bxc4 Qa5 10. Qe2 Qxc5 11. e4 Bg4 12. Be3 Qb4 13. Bb3 Nxe4 14. Nd5 Qa5
15. Rfd1 Nd6 16. Nxe7+ Nxe7 17. Rxd6 Rfd8 18. Rad1 Qc7 19. Rxd8+ Rxd8 20. Rxd8+
Qxd8 21. Bxf7+ Kh8 22. Bb3 Nc6 23. h3 Bf5 24. Ng5 Ne5 25. Bf4 h6 26. Bxe5 hxg5
27. Bxg7+ Kxg7 28. Qe5+ Kh6 29. Qd5 Qc7 30. Qd4 a6 31. Qh8+ Qh7 32. Qxh7+ Kxh7
33. Bd5 Bc8 34. b4 Kg7 35. f3 Kf6 36. Kf2 Ke5 37. Be4 Kf6 38. Ke3 b6 39. Kd4 Bd7
40. Bd3 b5 41. Be4 Bc8 42. a3 Kg7 43. Ke5 Kf7 44. g4 Kg7 45. Bd5 Kh7 46. Kf6 Kh6
47. Be4 a5 48. Bxg6 axb4 49. axb4 Bxg4 50. Bd3 Bxf3 51. Bxb5 Kh5 52. Bd7 Be2 53.
Ke5 Kh4 54. Ke4 Bf1 55. Kf3 {Game drawn by mutual agreement} 1/2-1/2

[Event "Team 45 45 League T83"]
[Site "Internet Chess Club"]
[Date "2020.01.02"]
[Round "1"]
[White "chesskix"]
[Black "rkjulianjr"]
[Result "1-0"]
[WhiteElo "1290"]
[BlackElo "1339"]
[Opening "QGD Slav: exchange variation"]
[ECO "D13"]
[Time "20:00:51"]
[TimeControl "2700+45"]

1. Nf3 d5 2. c4 c6 3. cxd5 cxd5 4. d4 Nf6 5. Nc3 Bf5 6. g3 e6 7. a3 Be7 8. Bg2
Nbd7 9. O-O h6 10. Re1 O-O 11. Nd2 Bh7 12. e4 dxe4 13. Ndxe4 Rc8 14. Be3 Nxe4
15. Nxe4 b6 16. Rc1 Nf6 17. Nc3 Qd7 18. Bf4 Rfd8 19. Be5 Bg6 20. Ne4 Nxe4 21.
Bxe4 Bxe4 22. Rxe4 f6 23. Bf4 f5 24. Rxc8 Rxc8 25. Re1 Bf6 26. Be5 Bg5 27. f4
Be7 28. Qh5 Bd6 29. Qe2 Be7 30. Rd1 Qd5 31. Rd2 Rc1+ 32. Rd1 Rc8 33. Kf2 b5 34.
Rd2 a5 35. Rc2 Rc4 36. Rxc4 bxc4 37. Qh5 Bf8 38. Qe8 Qc6 39. Qxc6 {Black
resigns} 1-0

[Event "Team 45 45 League T83"]
[Site "Internet Chess Club"]
[Date "2019.12.27"]
[Round "1"]
[White "Visin"]
[Black "OGO"]
[Result "0-1"]
[WhiteElo "1212"]
[BlackElo "1238"]
[Opening "Owen defense"]
[ECO "B00"]
[Time "14:00:40"]
[TimeControl "2700+45"]

1. e4 b6 2. d4 Bb7 3. Nc3 d6 4. Nf3 Nf6 5. Bd3 Nbd7 6. Be3 e5 7. Qd2 Be7 8. O-O
O-O 9. Rad1 Rc8 10. Qe2 c6 11. dxe5 dxe5 12. Ba6 Qc7 13. Rd2 Bxa6 14. Qxa6 b5
15. Qxa7 Qxa7 16. Bxa7 Bb4 17. Re1 Ra8 18. Be3 Bxc3 19. bxc3 Rxa2 20. Bg5 Re8
21. Red1 h6 22. Bxf6 Nxf6 23. Re1 Ra3 24. Rd3 Ra4 25. Nd2 Ra2 26. Rc1 Re7 27. f3
Rea7 28. Nb3 Nd7 29. Rd2 c5 30. Re2 c4 31. Nd2 Rb2 32. Nf1 Ra3 33. Re3 Raa2 34.
Re2 Nc5 35. Ne3 Ra3 36. Nd5 f6 37. g4 Ne6 38. h4 Nc5 39. Kf2 Raa2 40. Ke3 Nd3
41. Rd1 Rxc2 42. Rxc2 Rxc2 43. Rb1 Nc1 44. Nf4 g5 45. Rxc1 gxf4# {White
checkmated} 0-1

[Event "Team 45 45 League T83"]
[Site "Internet Chess Club"]
[Date "2019.12.27"]
[Round "1"]
[White "NineteenHockey"]
[Black "Just-Jim"]
[Result "0-1"]
[WhiteElo "1099"]
[BlackElo "1217"]
[Opening "KP: Nimzovich defense"]
[ECO "B00"]
[Time "10:00:52"]
[TimeControl "2700+45"]

1. e4 Nc6 2. Nc3 e6 3. Nf3 d6 4. d4 h6 5. Be2 a6 6. O-O Be7 7. d5 exd5 8. exd5
Na7 9. Be3 Bd7 10. Bd4 Bf6 11. Bxf6 Nxf6 12. Re1 O-O 13. Bd3 c6 14. dxc6 Nxc6
15. h3 Be6 16. b3 Nb4 17. Bc4 Bxc4 18. bxc4 Nc6 19. Rb1 b6 20. Na4 Rb8 21. Nd4
Na5 22. Qd3 Nh5 23. Nf5 Nf4 24. Qd4 Qg5 25. Ng3 Ne6 26. Qxd6 Nxc4 27. Qd3 Nd2
28. Rxb6 Rxb6 29. Nxb6 Nc5 30. Qe3 Qxe3 31. Rxe3 Rb8 32. Nd5 Rb1+ 33. Kh2 Na4
34. Rd3 Rd1 35. Nc7 Nb2 36. Rd8+ Kh7 37. Nxa6 Nf3+ 38. gxf3 Rxd8 39. Nb4 Na4 40.
Ne4 f5 41. Ng3 g6 42. f4 Rd4 43. c3 Nxc3 {White resigns} 0-1

[Event "Team 45 45 League T83"]
[Site "Internet Chess Club"]
[Date "2019.12.30"]
[Round "1"]
[White "mongmong"]
[Black "clarinetref"]
[Result "1/2-1/2"]
[WhiteElo "1470"]
[BlackElo "1477"]
[Opening "King's Indian, 3.Nf3"]
[ECO "E67"]
[Time "19:04:11"]
[TimeControl "2700+45"]

1. d4 Nf6 2. Nf3 g6 3. c4 Bg7 4. g3 d6 5. Bg2 O-O 6. O-O Nbd7 7. Nc3 Rb8 8. e4
e5 9. h3 c6 10. Be3 exd4 11. Nxd4 h6 12. Qc2 Qe7 13. Rfe1 Re8 14. Rad1 Ne5 15.
b3 a6 16. Qd2 Kh7 17. Nf3 Nxf3+ 18. Bxf3 Bxh3 19. Qxd6 Qxd6 20. Rxd6 Ng4 21. Nb1
Ne5 22. Bh1 Bg4 23. Bb6 Bf3 24. Re3 Bxh1 25. Kxh1 Ng4 26. Re2 Re7 27. f3 Ne5 28.
Kg2 Nd7 29. Bd4 Bxd4 30. Rxd4 f5 31. Red2 Nf6 32. exf5 gxf5 33. Nc3 Rbe8 {Game
drawn by mutual agreement} 1/2-1/2

[Event "Team 45 45 League T83"]
[Site "Internet Chess Club"]
[Date "2020.01.05"]
[Round "1"]
[White "sdcohle"]
[Black "dabodhi"]
[Result "1-0"]
[WhiteElo "1383"]
[BlackElo "1298"]
[Opening "King's Indian: East Indian defense"]
[ECO "A48"]
[Time "15:03:38"]
[TimeControl "2700+45"]

1. d4 Nf6 2. Nf3 g6 3. e3 Bg7 4. c4 d6 5. Be2 O-O 6. O-O Nbd7 7. b3 Re8 8. Bb2
e5 9. dxe5 dxe5 10. Nbd2 e4 11. Nd4 Ne5 12. Nb5 c6 13. Nc3 Nd3 14. Bxd3 Qxd3 15.
Ndb1 Bf5 16. Qc1 Qd6 17. Rd1 Qc7 18. Ne2 Bg4 19. Re1 Rad8 20. h3 Bxe2 21. Rxe2
Rd3 22. Nc3 Red8 23. Qc2 R8d7 24. Rd1 Qd8 25. Ree1 Rd2 26. Rxd2 Rxd2 27. Qc1 Nh5
28. g4 Nf6 29. Nd5 Rxb2 30. Qxb2 cxd5 31. Rd1 Nxg4 32. Qd2 Nf6 33. cxd5 Qd6 34.
Qd4 Ng4 35. Qxe4 Qh2+ 36. Kf1 Nxf2 37. Rd2 Nxe4 38. Rxh2 Be5 39. Rc2 Kf8 40. Kg2
Ke7 41. Rc4 Nd2 42. Rc2 Ne4 43. Kf3 Ng3 44. a4 Kd6 45. e4 Nh5 46. Rc4 Ng7 47.
Rc2 f5 48. Re2 fxe4+ 49. Kxe4 Nf5 50. Rd2 Ng3+ 51. Kf3 Nf5 52. Ke4 a5 53. Rd3
Ng3+ 54. Kf3 Nf5 55. Ke4 Ng3+ 56. Kf3 Nh5 57. Ke4 Nf6+ 58. Kf3 Nd7 59. Kg4 Nc5
60. Rf3 Kxd5 61. Kg5 Ne6+ 62. Kh4 g5+ 63. Kh5 Bg7 64. Rf7 b6 65. Rf3 h6 66. Kg6
Bf8 67. Kf7 Bc5 68. Rf5+ Kd6 69. Rf6 Kc7 70. Rxe6 Kd7 71. Rxh6 Be3 72. Re6 Bc5
73. Re4 Kd6 74. Kg6 Kd5 75. Rg4 Be3 76. Kf5 Bd2 77. Rc4 Kd6 78. Rd4+ {Black
resigns} 1-0

[Event "Team 45 45 League T83"]
[Site "Internet Chess Club"]
[Date "2020.01.05"]
[Round "1"]
[White "CMAlge"]
[Black "PsyMar"]
[Result "0-1"]
[WhiteElo "1251"]
[BlackElo "1180"]
[Opening "Two knights defense"]
[ECO "C58"]
[Time "10:00:16"]
[TimeControl "2700+45"]

1. e4 e5 2. Nf3 Nc6 3. Bc4 Nf6 4. Ng5 d5 5. exd5 Na5 6. Bb5+ c6 7. dxc6 bxc6 8.
Bd3 Bd6 9. O-O h6 10. Ne4 O-O 11. Re1 Nxe4 12. Bxe4 f5 13. Bd3 Qb6 14. Bf1 c5
15. d3 Nc6 16. Nd2 Bb7 17. Nc4 Qc7 18. Nxd6 Qxd6 19. c3 f4 20. Qb3+ Rf7 21. d4
cxd4 22. Bc4 Qc7 23. Bxf7+ Qxf7 24. Qxf7+ Kxf7 25. Bd2 Re8 26. Rad1 Kf6 27. cxd4
Nxd4 28. Rc1 f3 29. Be3 Ne2+ 30. Rxe2 fxe2 31. Re1 Rd8 32. f3 Rd1 33. Kf2 Ba6
34. Bxa7 Rd2 35. b4 Rxa2 36. Bc5 g6 37. g4 Rd2 38. Be3 Rd1 39. Bxh6 e4 40. fxe4
Ke5 41. h4 Kxe4 42. h5 gxh5 43. gxh5 Rd5 44. Bg7 Rf5+ 45. Kg1 Rg5+ 46. Kf2 Rxg7
47. Rxe2+ Bxe2 48. Kxe2 Rh7 49. b5 Rxh5 50. b6 Rb5 {White resigns} 0-1

[Event "Team 45 45 League T83"]
[Site "Internet Chess Club"]
[Date "2020.01.02"]
[Round "1"]
[White "gregorgg"]
[Black "seldredg"]
[Result "0-1"]
[WhiteElo "1182"]
[BlackElo "1294"]
[Opening "Queen's bishop game"]
[ECO "D00"]
[Time "15:01:09"]
[TimeControl "2700+45"]

1. d4 d5 2. Bf4 Nf6 3. Nf3 c5 4. c3 Qb6 5. Qc2 Nc6 6. e3 Bf5 7. dxc5 Bxc2 8.
cxb6 axb6 9. Nbd2 e6 10. Be2 Be7 11. h3 O-O 12. O-O Nd7 13. b3 Ba3 14. Ne1 Bg6
15. Bd3 Bxd3 16. Nxd3 Be7 17. c4 Nf6 18. Bh2 Rfd8 19. Bc7 Rd7 20. Be5 dxc4 21.
Nxc4 Rxd3 22. Bh2 b5 23. Nb2 Rd2 24. Nd1 Ne4 25. f3 Ng5 26. a4 Bf6 27. Rb1 h6
28. axb5 Nb4 29. Nf2 Raa2 30. f4 Ne4 31. Ng4 Bh4 32. g3 Bxg3 33. Bxg3 Rg2+
{White resigns} 0-1